 Dungeon Crawl Stone Soup version 0.32-a0-913-g739538afd8 (webtiles) character file.

Game seed: 1559555293921690441

25 horus123 the Magician (level 2, -5/15 HPs)
             Began as a Deep Elf Conjurer on Apr 10, 2024.
             Slain by a ribbon worm (8 damage)
             ... on level 1 of the Dungeon.
             The game lasted 00:02:08 (866 turns).

horus123 the Magician (Deep Elf Conjurer)            Turns: 866, Time: 00:02:08

Health: -5/15      AC:  2    Str:  4    XL:     2   Next: 82%
Magic:  13/18      EV: 11    Int: 22    God:
Gold:   12         SH:  0    Dex: 13    Spells: 9/10 levels left

rFire   . . .        g - +1 short sword (speed)
rCold   . . .        (no shield)
rNeg    . . .        a - +0 robe
rPois   .            (no helmet)
rElec   .            (no cloak)
rCorr   .            (no gloves)
SInv    .            (no boots)
Will    .....        (no amulet)
Stlth   ++           e - +4 ring of slaying
HPRegen 0.22/turn    f - ring of magical power
MPRegen 0.16/turn

%: no passive effects
@: no status effects
A: no striking features
a: no special abilities


You were on level 1 of the Dungeon.
You visited 1 branch of the dungeon, and saw 2 of its levels.

You collected 12 gold pieces.

Inventory:

Hand Weapons
 d - a +0 dagger
 g - a +1 short sword of speed (weapon)
Armour
 a - a +0 robe (worn)
Jewellery
 c - an amulet of guardian spirit
 e - a +4 ring of slaying (left hand)
 f - a ring of magical power (right hand)
Potions
 b - a potion of magic


   Skills:
 - Level 2.4 Dodging
 - Level 2.4 Stealth
 + Level 4.8 Spellcasting
 - Level 4.3 Conjurations


You had 9 spell levels left.
You knew the following spells:

 Your Spells              Type           Power      Damage    Failure   Level
a - Magic Dart            Conj           96%        1d7       1%          1

Your spell library contained the following spells:

 Spells                   Type           Power      Damage    Failure   Level
 Searing Ray              Conj           48%        2d6       2%          2
 Fulminant Prism          Conj/Alch      7%         3d6       38%         4
 Iskenderun's Mystic Bla Conj/Tloc 14%            2d5        (+2d2     38%         4


Dungeon Overview and Level Annotations

Branches:
Dungeon (2/15)

Altars:


Message History

Aiming: Magic Dart (safe; 1% risk of failure)
Press: ? - help, Q - select action Shift-Dir - straight line, f/p - ribbon worm
Aim: a ribbon worm (heavily wounded, 100% to hit)
You miscast Magic Dart.
You are very lightly contaminated with residual magic.
Nothing appears to happen.
The ribbon worm bites you.
Aiming: Magic Dart (safe; 1% risk of failure)
Press: ? - help, Q - select action Shift-Dir - straight line, f/p - ribbon worm
Aim: a ribbon worm (heavily wounded, 100% to hit)
The magic dart hits the ribbon worm.
The ribbon worm is heavily wounded.
The ribbon worm misses you.
Aiming: Magic Dart (safe; 1% risk of failure)
Press: ? - help, Q - select action Shift-Dir - straight line, f/p - ribbon worm
Aim: a ribbon worm (heavily wounded, 100% to hit)
The magic dart hits the ribbon worm.
The ribbon worm is heavily wounded.
Unknown command.
The ribbon worm attacks as it pursues you!
The ribbon worm bites you.
The ribbon worm attacks as it pursues you!
The ribbon worm bites you.
There is a stone staircase leading up here.
The ribbon worm bites you.
* * * LOW HITPOINT WARNING * * *
You climb upwards.
Your magical contamination has completely faded away.
There is a stone staircase leading down here.
Okay, then.
You hit the ribbon worm.
The ribbon worm is heavily wounded.
You hit the ribbon worm.
The ribbon worm is severely wounded.
The ribbon worm expels a string of sticky webbing.
The stream of webbing hits you but does no damage.
You are caught in a web!
The ribbon worm bites you!
Ouch! That really hurt!
You die...

.###.........#
......#####.##
###..## ##...#
###)## #รท...#
....#####..#######
#..........#.....#
#..........#.....#
#.........##....w#
#...............@#
#................#
#........###.....#
#........# #######
....#...##
........#
###..#### .....#
.....#


You could see a ribbon worm.

Vanquished Creatures
  2 ball pythons (D:1)
  3 endoplasms (D:1)
  2 giant cockroaches (D:1)
  2 hobgoblins (D:1)
  2 jackals (D:1)
  2 quokkas (D:1)
  A bat (D:1)
  6 kobolds (D:1)
  A rat (D:1)
21 creatures vanquished.

Notes
Turn   | Place    | Note
-------+----------+-------------------------------------------
     0 | D:1      | horus123 the Deep Elf Conjurer began the quest for the Orb.
     0 | D:1      | Reached XP level 1. HP: 10/10 MP: 6/6
   173 | D:1      | Reached XP level 2. HP: 15/15 MP: 3/9
   621 | D:1      | Found a faded altar of an unknown god.
   866 | D:1      | Slain by a ribbon worm

Illustrated notes

Levels and vault maps discovered:
D:1:      lightli_arrival_flooded_house, layout_rooms,
          ebering_ecumenical_altar_petrified, nrook_campfire
D:2:      layout_loops_ring, basic_altar

Skill      XL: |  1 |
---------------+----+-----
Spellcasting   | 4 |  4.8
Dodging        | |  2.4
Stealth        | |  2.4
Conjurations   | |  4.3

Action                     || total
---------------------------++-------
  Melee: Short sword       ||     2
   Cast: Magic Dart        ||    51
 Armour: Robe              ||     6
  Dodge: Dodged            ||     3

Table legend: (Time is in decaauts)
 A = Elapsed time spent in this place.
 B = Non-inter-level travel time spent in this place.
 C = Inter-level travel time spent in this place.
 D = Time resting spent in this place.
 E = Time spent auto-exploring this place.
 F = Levels seen in this place.
 G = Mean time per level.
                   A        B        C        D        E       F      G
               +--------+--------+--------+--------+--------+-----+--------+
         Total |    863 |    844 |     19 |      0 |    743 |   2 |  431.5 |
       Dungeon |    863 |    844 |     19 |      0 |    743 |   2 |  431.5 |
               +--------+--------+--------+--------+--------+-----+--------+

Top non-repeatable levels by time:
     D:1: 848 daAuts
     D:2: 14 daAuts
